 Dungeon Crawl Stone Soup version 0.31.0-11-ge490571c62 (webtiles) character file.

Game seed: 7218809242478305210

3291 shadizar the Magician (level 10, -7/74 HPs)
             Began as a Gnoll Earth Elementalist on Feb 3, 2024.
             Mangled by an orc warrior
             ... wielding a +0 broad axe
              (12 damage)
             ... in a bailey.
             The game lasted 00:13:10 (7888 turns).

shadizar the Magician (Gnoll Earth Elementalist)    Turns: 7888, Time: 00:13:11

Health: -7/74      AC:  9    Str: 19    XL:     10   Next: 1%
Magic:  20/20      EV: 13    Int: 20    God:
Gold:   452        SH:  5    Dex: 12    Spells: 22/23 levels left

rFire   + . .        d - +3 mace (freeze)
rCold   + . .        i - +0 buckler
rNeg    . . .        x - +0 ring mail
rPois   .            c - +1 helmet
rElec   .            l - scarf {rC+ rF+}
rCorr   .            (no gloves)
SInv    .            z - +0 pair of boots
Will    .....        p - amulet of regeneration
Stlth   +++          h - +6 ring of strength
HPRegen 1.12/turn    j - +6 ring of strength
MPRegen 0.17/turn

%: no passive effects
@: hasted, very quick
A: fangs 1, strong nose, distributed training
a: no special abilities


You were in a bailey.
You visited 1 branch of the dungeon, and saw 7 of its levels.
You also visited: Bailey.

You collected 452 gold pieces.

Inventory:

Hand Weapons
 d - a +3 mace of freezing (weapon)
 k - a +1 spectral flail
 o - a +4 flail
 t - a +0 morningstar
Armour
 c - a +1 helmet (worn)
 i - a +0 buckler (worn)
 l - a scarf of resistance (worn)
 x - a +0 ring mail (worn)
 z - a +0 pair of boots (worn)
Jewellery
 h - a +6 ring of strength (left hand)
 j - a +6 ring of strength (right hand)
 p - an amulet of regeneration (around neck)
 q - a ring of poison resistance
 s - a +6 ring of strength
 u - a ring of willpower
 G - a ring of flight
Wands
 m - a wand of flame (23)
 y - a wand of paralysis (11)
Scrolls
 e - 3 scrolls of identify
 r - 8 scrolls of teleportation {unknown}
 v - 2 scrolls of fog {unknown}
 A - a scroll of fear {unknown}
 B - a scroll of acquirement {unknown}
Potions
 a - a potion of mutation
 b - 3 potions of magic
 g - 2 potions of haste
 n - a potion of lignification {unknown}
 E - a potion of might {unknown}
 F - a potion of resistance {unknown}
 H - 2 potions of curing {unknown}
 I - 19 potions of degeneration


   Skills:
 + Level 5.0 Fighting
 + Level 5.0 Short Blades
 + Level 5.0 Long Blades
 + Level 5.0 Axes
 + Level 5.0 Maces & Flails
 + Level 5.0 Polearms
 + Level 5.0 Staves
 + Level 5.0 Ranged Weapons
 + Level 5.0 Throwing
 + Level 5.0 Armour
 + Level 6.8 Dodging
 + Level 6.6 Stealth
 + Level 5.0 Shields
 + Level 5.0 Unarmed Combat
 + Level 7.1 Spellcasting
 + Level 4.7 Conjurations
 + Level 4.1 Hexes
 + Level 4.1 Summonings
 + Level 4.1 Necromancy
 + Level 4.1 Translocations
 + Level 4.1 Fire Magic
 + Level 4.1 Ice Magic
 + Level 4.1 Air Magic
 + Level 6.9 Earth Magic
 + Level 4.1 Alchemy
 + Level 5.4 Invocations
 + Level 5.0 Evocations
 + Level 4.5 Shapeshifting


You had 22 spell levels left.
You knew the following spells:

 Your Spells              Type           Power      Damage    Failure   Level
a - Sandblast             Erth           68%        2d15      1%          1

Your spell library contained the following spells:

 Spells                   Type           Power      Damage    Failure   Level
 Apportation              Tloc           46%        N/A       3%          1
 Necrotise                Necr           92%        1d8       3%          1
 Sting                    Conj/Alch      96%        1d9       3%          1
 Summon Small Mammal      Summ           92%        N/A       3%          1
 Passwall                 Erth           34%        N/A       3%          3
 Jinxbite                 Hex            46%        N/A       5%          2
 Stone Arrow              Conj/Erth      60%        3d10      5%          3
 Brom's Barrelling Bould  Conj/Erth      30%        2d5       17%         4
 Petrify                  Alch/Erth      29%        N/A       21%         4
 Alistair's Intoxication  Alch           15%        N/A       67%         5
 Haunt                    Necr/Summ      11%        N/A       100%        7
 Borgnjor's Revivificati  Necr           11%        N/A       100%        8
 Death's Door             Necr           11%        N/A       100%        9


Dungeon Overview and Level Annotations

Branches:
Dungeon (7/15)             Temple (0/1) D:5          Bailey (1/1)

Altars:
Cheibriados
Elyvilon
Makhleb
Okawaru
Vehumet


Innate Abilities, Weirdness & Mutations

You have very sharp teeth.
Your uncanny sense of smell can sniff out nearby items.
Your experience applies equally to all skills.


Message History

There is an open door here.
Items here: ))))))) [[[[[[[ †.
The orc warrior attacks as it pursues you!
The orc warrior barely misses you.
You feel much better.
The orc warrior hits you with a +0 war axe!
You hit the orc warrior but do no damage.
The orc warrior is lightly wounded.
The orc warrior no longer looks unusually strong.
The orc warrior closely misses you.
The orc warrior shouts!
You sock the orc warrior! You freeze the orc warrior.
The orc warrior is heavily wounded.
The orc warrior barely misses you.
The orc warlord roars a battlecry!
The orc warrior goes into a battle-frenzy!
You hit the orc warrior but do no damage.
The orc warrior is heavily wounded.
The orc warrior closely misses you.
You closely miss the orc warrior.
The orc warrior is heavily wounded.
The orc warrior hits you with a +0 war axe.
Okay, then.
The orc warrior attacks as it pursues you!
The orc warrior hits you with a +0 war axe!
* * * LOW HITPOINT WARNING * * *
The orc warlord roars a battlecry!
The orc warrior goes into a battle-frenzy!
The orc warrior hits you with a +0 broad axe!
* * * LOW HITPOINT WARNING * * *
The orc warrior barely misses you.
The orc warrior attacks as it pursues you!
The orc warrior misses you.
Okay, then.
Okay, then.
It was a potion of haste.
You feel yourself speed up. The orc warrior barely misses you.
You feel as though your hastened speed will last longer.
The orc warrior hits you with a +0 broad axe!
You die...

### ### ###.### ###.###
###.....### ###.....###
##.........###.........##
#...........#...........#
#...........'...........#
#.....⌠..o.)#.....⌠.....#
#......)....#...........#
#...........#..)@oo.....#
##.).......###..o......###
.#)#.....###.###.....#)#.###
...###.###
...###.###)....### ..)..###∆
.....###.........##
......#∆∆
o....##8..........#
..o...#∆∆
..o...#8..........#
⌠.....#∆∆
......'.....⌠....∩#
).....#∆∆
.o....#8..........#


You could see an orc warlord and 2 orc warriors.

Vanquished Creatures
  A steam dragon (D:6)
  2 water moccasins
  9 orc warriors (Bailey)
  A sky beast (D:6)
  A centaur (D:7)
  A phantom (D:5)
  A kobold brigand (D:7)
  A bullfrog (D:4)
  A scorpion (D:5)
  8 wights (D:7)
  2 howler monkeys
  4 hounds
  4 jellies
  A sleepcap (D:5)
  5 orc priests
  A gnoll bouda (D:4)
  An iguana (D:4)
  9 orc wizards
  Robin (D:3)
  20 gnolls
  7 adders
  2 white imps
  3 ribbon worms (D:2)
  47 orcs
  6 ball pythons
  9 endoplasms
  4 giant cockroaches
  19 hobgoblins
  13 jackals
  A quokka (D:3)
  A bat (D:1)
  2 frilled lizards (D:1)
  17 goblins
  20 kobolds
  5 rats
230 creatures vanquished.

Notes
Turn   | Place    | Note
-------+----------+-------------------------------------------
     0 | D:1      | shadizar the Gnoll Earth Elementalist began the quest for
                  | the Orb.
     0 | D:1      | Reached XP level 1. HP: 13/13 MP: 6/6
   124 | D:1      | Reached XP level 2. HP: 19/19 MP: 4/7
   604 | D:1      | Reached skill level 5 in Spellcasting
   604 | D:1      | Reached XP level 3. HP: 25/25 MP: 5/9
  1008 | D:2      | Reached skill level 1 in Invocations
  1014 | D:1      | Reached skill level 1 in Fighting
  1014 | D:1      | Reached skill level 1 in Short Blades
  1014 | D:1      | Reached skill level 1 in Long Blades
  1014 | D:1      | Reached skill level 1 in Axes
  1014 | D:1      | Reached skill level 1 in Maces & Flails
  1014 | D:1      | Reached skill level 1 in Polearms
  1014 | D:1      | Reached skill level 1 in Staves
  1014 | D:1      | Reached skill level 1 in Ranged Weapons
  1014 | D:1      | Reached skill level 1 in Throwing
  1014 | D:1      | Reached skill level 1 in Armour
  1014 | D:1      | Reached skill level 1 in Shields
  1014 | D:1      | Reached skill level 1 in Unarmed Combat
  1014 | D:1      | Reached skill level 1 in Evocations
  1138 | D:2      | Reached skill level 1 in Shapeshifting
  1138 | D:2      | Reached XP level 4. HP: 32/32 MP: 7/11
  1365 | D:2      | Reached skill level 1 in Hexes
  1365 | D:2      | Reached skill level 1 in Summonings
  1365 | D:2      | Reached skill level 1 in Necromancy
  1365 | D:2      | Reached skill level 1 in Translocations
  1365 | D:2      | Reached skill level 1 in Fire Magic
  1365 | D:2      | Reached skill level 1 in Ice Magic
  1365 | D:2      | Reached skill level 1 in Air Magic
  1365 | D:2      | Reached skill level 1 in Alchemy
  2398 | D:3      | Reached XP level 5. HP: 37/37 MP: 9/12
  2421 | D:3      | Found a white marble altar of Elyvilon.
  2814 | D:3      | Noticed Robin
  2982 | D:3      | Reached XP level 6. HP: 38/44 MP: 14/14
  2986 | D:3      | Reached skill level 5 in Dodging
  3049 | D:3      | Killed Robin
  3568 | D:4      | Reached XP level 7. HP: 40/51 MP: 11/15
  3835 | D:4      | Reached skill level 5 in Stealth
  4435 | D:5      | Entered Level 5 of the Dungeon
  4518 | D:5      | Found a staircase to the Ecumenical Temple.
  4725 | D:5      | Found a radiant altar of Vehumet.
  4736 | D:5      | Reached XP level 8. HP: 53/58 MP: 9/16
  5056 | D:5      | Found a burning altar of Makhleb.
  5388 | D:6      | Reached skill level 6 in Spellcasting
  5828 | D:6      | Found an iron altar of Okawaru.
  6505 | D:7      | Reached XP level 9. HP: 53/65 MP: 14/18
  6897 | D:7      | Found a snail-covered altar of Cheibriados.
  6949 | D:7      | Found a flagged portal.
  6985 | Bailey   | Entered a bailey
  7142 | Bailey   | Reached skill level 5 in Invocations
  7559 | Bailey   | Reached skill level 7 in Spellcasting
  7690 | Bailey   | Noticed an orc warlord
  7820 | Bailey   | Reached skill level 5 in Fighting
  7820 | Bailey   | Reached skill level 5 in Short Blades
  7820 | Bailey   | Reached skill level 5 in Long Blades
  7820 | Bailey   | Reached skill level 5 in Axes
  7820 | Bailey   | Reached skill level 5 in Maces & Flails
  7820 | Bailey   | Reached skill level 5 in Polearms
  7820 | Bailey   | Reached skill level 5 in Staves
  7820 | Bailey   | Reached skill level 5 in Ranged Weapons
  7820 | Bailey   | Reached skill level 5 in Throwing
  7820 | Bailey   | Reached skill level 5 in Armour
  7820 | Bailey   | Reached skill level 5 in Shields
  7820 | Bailey   | Reached skill level 5 in Unarmed Combat
  7820 | Bailey   | Reached skill level 5 in Evocations
  7820 | Bailey   | Reached XP level 10. HP: 16/74 MP: 15/20
  7885 | Bailey   | HP: 2/74 [orc warrior/+0 broad axe (15)]
  7888 | Bailey   | Mangled by an orc warrior

Illustrated notes

Levels and vault maps discovered:
D:1:      dpeg_arrival_more_subterranean_lakeside_camping, layout_loops_ring,
          st_stairs_10, chequers_serial_rivers_micro_a
D:2:      layout_basic, cheibrodos_gnoll_hut
D:3:      layout_basic, amcnicky_altar_gilded, uniq_robin
D:4:      layout_cave_pods
D:5:      layout_cave_pools, nicolae_vehumet_radiance, lightli_temple_of_fire,
          minmay_temple_entry_arrows
D:6:      layout_basic, marbit_many_paths, serial_rivers,
          chequers_serial_rivers_room_b, chequers_serial_rivers_micro_d,
          chequers_serial_rivers_micro_a, chequers_serial_rivers_micro_e,
          chequers_serial_rivers_micro_a
D:7:      layout_layer_cave, cheibriados_altar_1, enter_bailey_7,
          grunt_ministairs_5, nicolae_elevator_lobby_asterisk
Bailey:   bailey_axe_minmay_hex_keep, bailey

Skill      XL: |  1  2  3  4  5  6  7  8  9 |
---------------+----------------------------+-----
Conjurations   | 2 3 4 |  4.7
Spellcasting   | 5 6 7 |  7.1
Invocations    | 1 2 3 4 5 |  5.4
Fighting       | 1 2 3 5 |  5.0
Short Blades   | 1 2 3 5 |  5.0
Long Blades    | 1 2 3 5 |  5.0
Axes           | 1 2 3 5 |  5.0
Maces & Flails | 1 2 3 5 |  5.0
Polearms       | 1 2 3 5 |  5.0
Staves         | 1 2 3 5 |  5.0
Ranged Weapons | 1 2 3 5 |  5.0
Throwing       | 1 2 3 5 |  5.0
Armour         | 1 2 3 5 |  5.0
Shields        | 1 2 3 5 |  5.0
Unarmed Combat | 1 2 3 5 |  5.0
Evocations     | 1 2 3 5 |  5.0
Shapeshifting  | 1 2 3 4 |  4.5
Hexes          | 1 2 3 4 |  4.1
Summonings     | 1 2 3 4 |  4.1
Necromancy     | 1 2 3 4 |  4.1
Translocations | 1 2 3 4 |  4.1
Fire Magic     | 1 2 3 4 |  4.1
Ice Magic      | 1 2 3 4 |  4.1
Air Magic      | 1 2 3 4 |  4.1
Alchemy        | 1 2 3 4 |  4.1
Dodging        | 5 6 |  6.8
Stealth        | 5 6 |  6.6
Earth Magic    | 6 |  6.9

Action                     |  1- 3 |  4- 6 |  7- 9 | 10-12 || total
---------------------------+-------+-------+-------+-------++-------
  Melee: Unarmed           |    13 |       |       |       ||    13
         Bite              |     1 |     2 |     1 |       ||     4
         Flail             |       |     7 |    15 |       ||    22
         Mace              |       |       |       |     4 ||     4
   Cast: Sandblast         |    40 |   129 |   285 |     3 ||   457
  Evoke: Wand              |       |       |     1 |       ||     1
    Use: Potion            |       |     1 |     1 |     3 ||     5
         Scroll            |       |       |    11 |     1 ||    12
 Armour: Robe              |    14 |    27 |       |       ||    41
         Ring mail         |       |    28 |   155 |    10 ||   193
  Dodge: Dodged            |    27 |    71 |   126 |    10 ||   234
  Block: Buckler           |     3 |    22 |    46 |     1 ||    72
